 Dungeon Crawl Stone Soup version 0.17-a0-2127-g1cb09f6 (webtiles) character file.

1961 benas424 the Skirmisher (level 9, -5/68 HPs)
             Began as a Mummy Fighter on Oct 22, 2015.
             Was a Priest of Okawaru.
             Splashed by a jelly's acid (8 damage)
             ... on level 7 of the Dungeon.
             The game lasted 00:28:27 (6769 turns).

benas424 the Skirmisher (Mummy Fighter)             Turns: 6769, Time: 00:28:28

Health: -5/68      AC: -7    Str: 22    XL:     9   Next: 0%
Magic:  9/9        EV:  9    Int:  7    God:    Okawaru [***...]
Gold:   189        SH: 10    Dex: 12    Spells: 0 memorised, 8 levels left

rFire  x . .     SeeInvis .     a - +0 flail
rCold  + . .     Clarity  .     b - +0 scale mail
rNeg   + + +     SustAt   .     c - +0 shield
rPois  ∞         Gourm    .     (no helmet)
rElec  .         Spirit   .     (no cloak)
rCorr  .         Warding  .     j - +0 pair of gloves
rMut   +         Stasis   .     (no boots)
MR     +....                    l - amulet of resist mutation
Stlth  ++........               r - ring of stealth
                                n - ring of stealth

@: corroded equipment, somewhat resistant to hostile enchantments, unstealthy
A: no food or potions, fire vulnerability, cold resistance 1, negative energy
resistance 3, torment resistance, unbreathing
a: Heroism, Renounce Religion


You were on level 7 of the Dungeon.
You worshipped Okawaru.
Okawaru was most pleased with you.
You were not hungry.

You visited 2 branches of the dungeon, and saw 8 of its levels.

You collected 231 gold pieces.
You spent 42 gold pieces at shops.

Inventory:

Hand Weapons
 a - a +0 flail (weapon)
Armour
 b - a +0 scale mail (worn)
 c - a +0 shield (worn)
 j - a +0 pair of gloves (worn)
Jewellery
 l - an amulet of resist mutation (around neck)
 n - a ring of stealth (left hand)
 r - a ring of stealth (right hand)
 v - an uncursed ring of magical power
Wands
 i - a wand of disintegration (13)
 o - a wand of fire (5)
Scrolls
 d - 2 scrolls of recharging
 e - 2 scrolls of blinking
 f - 3 scrolls of enchant armour
 g - 2 scrolls of magic mapping
 h - 3 scrolls of fog
 k - a scroll of amnesia {unknown}
 m - a scroll of fear {unknown}
 p - a scroll of remove curse {unknown}
 q - a scroll of immolation {unknown}
 s - a scroll of teleportation
 t - a scroll of noise {unknown}
 u - a scroll of identify


   Skills:
 + Level 5.1 Fighting
 + Level 4.6 Maces & Flails
 + Level 5.0 Armour
 + Level 4.1 Dodging
 + Level 1.7 Stealth
 + Level 5.1 Shields
 + Level 0.3 Invocations
 + Level 0.4 Evocations


You had 8 spell levels left.
You didn't know any spells.

Dungeon Overview and Level Annotations

Branches:
Dungeon (7/15)             Temple (1/1) D:6

Altars:
Dithmenos
Kikubaaqudgha
Okawaru
Vehumet
Yredelemnul

Shops:
D:6 ?


Innate Abilities, Weirdness & Mutations

You do not eat or drink.
Your flesh is vulnerable to fire.
You are immune to poison.
Your flesh is cold resistant.
You are immune to negative energy.
You are immune to unholy pain and torment.
You can survive without breathing.


Message History

The jelly closely misses you.
You hit the jelly but do no damage.
Your hands burn!
The jelly is severely wounded.
The jelly hits you.
You are splashed with acid!
The acid burns!
You hit the jelly but do no damage.
Your hands burn!
The jelly is severely wounded.
The jelly hits you.
You are splashed with acid!
The acid corrodes you!
The acid burns!
* * * LOW HITPOINT WARNING * * *
You hit the jelly but do no damage.
Your hands burn!
* * * LOW HITPOINT WARNING * * *
The jelly is severely wounded.
The jelly hits you.
* * * LOW HITPOINT WARNING * * *
You are splashed with acid!
The acid corrodes you!
The acid burns!
* * * LOW HITPOINT WARNING * * *
The jelly hits you.
* * * LOW HITPOINT WARNING * * *
You are splashed with acid!
The acid burns!
You die...

.###.####.....##.#..#....
...........#####.. # ##.
.####.####.# #...
.>.....###.# #.###
.####......# #.#
#####..#####.# #.....#..#
#>.##...## #.....##..@#
#..>..##.#.J#
#........##..# #......###
#.# #......# ... ##.##...
##.. #. .. .#


You could see a jelly.

Vanquished Creatures
  Pikel (D:6)
  An ice beast (D:5)
  4 ogres
  2 necrophages
  4 slaves
  A sky beast (D:5)
  A giant frog (D:6)
  2 scorpions
  2 hounds (D:6)
  A giant frog zombie (D:5)
  A jelly (D:6)
  An orc priest (D:6)
  2 crimson imps
  2 iguanas
  3 orc wizards
  A worker ant (D:3)
  2 hound zombies
  The ghost of alpinistek the Firebug, a weakling DsFE (D:4)
  7 adders
  2 shadow imps
  2 oozes
  2 adder zombies
  An adder skeleton (D:6)
  3 worms
  A giant gecko (D:2)
  18 orcs
  9 bats
  6 giant cockroaches
  6 goblins
  6 hobgoblins
  22 jackals
  12 kobolds
  2 ball pythons
  A giant newt (D:1)
  7 rats
  A spectral orc (D:6)
  2 plants (D:2)
142 creatures vanquished.

Vanquished Creatures (others)
  A bush (D:2)
  5 toadstools (D:1)
6 creatures vanquished.

Grand Total: 148 creatures vanquished

Notes
Turn   | Place    | Note
--------------------------------------------------------------
     0 | D:1      | benas424 the Mummy Fighter began the quest for the Orb.
     0 | D:1      | Reached XP level 1. HP: 18/18 MP: 1/1
   774 | D:1      | Reached XP level 2. HP: 24/24 MP: 2/2
  1419 | D:2      | Reached XP level 3. HP: 29/29 MP: 3/3
  1809 | D:2      | Reached skill level 1 in Dodging
  2364 | D:2      | Reached XP level 4. HP: 35/35 MP: 4/4
  2683 | D:3      | Found a shadowy altar of Dithmenos.
  2826 | D:3      | Found an iron altar of Okawaru.
  2836 | D:3      | Became a worshipper of Warmaster Okawaru
  3237 | D:4      | Reached XP level 5. HP: 37/41 MP: 5/5
  3384 | D:4      | Noticed alpinistek's ghost (weakling DsFE)
  3395 | D:4      | Killed alpinistek's ghost
  3713 | D:5      | Entered Level 5 of the Dungeon
  3742 | D:5      | Noticed an ogre
  3997 | D:5      | Noticed an ice beast
  4016 | D:5      | Killed an ice beast
  4016 | D:5      | Reached XP level 6. HP: 20/48 MP: 6/6
  4404 | D:5      | Reached * piety under Okawaru
  4537 | D:5      | Killed an ogre
  4537 | D:5      | Reached skill level 4 in Fighting
  4537 | D:5      | Reached XP level 7. HP: 54/54 MP: 5/7
  4633 | D:5      | Noticed a sky beast
  4644 | D:5      | Killed a sky beast
  4717 | D:5      | Noticed an ogre
  4721 | D:5      | Killed an ogre
  4721 | D:5      | Reached skill level 1 in Stealth
  4736 | D:5      | Noticed a necrophage
  4746 | D:5      | Killed a necrophage
  5054 | D:6      | Found a basalt altar of Yredelemnul.
  5314 | D:6      | Reached ** piety under Okawaru
  5314 | D:6      | Reached XP level 8. HP: 45/61 MP: 8/8
  5316 | D:6      | Found a staircase to the Ecumenical Temple.
  5326 | Temple   | Entered the Ecumenical Temple
  5764 | D:6      | Found Famahish's Magic Scroll Shoppe.
  5769 | D:6      | Bought a scroll of teleportation for 42 gold pieces
  6166 | D:7      | Noticed Pikel
  6214 | D:6      | Killed Pikel
  6214 | D:6      | Reached *** piety under Okawaru
  6214 | D:6      | Reached skill level 5 in Fighting
  6214 | D:6      | Reached skill level 5 in Armour
  6214 | D:6      | Reached skill level 5 in Shields
  6545 | D:7      | Reached XP level 9. HP: 26/68 MP: 9/9
  6769 | D:7      | HP: 3/68 [jelly (2)]
  6769 | D:7      | Splashed by a jelly's acid

Vault maps used:
D:1:      ldierk_walled_garden, serial_curves, eino_curves_02, eino_curves_01,
          eino_curves_01, minmay_shallow_snake_nest
D:2:      first_bread, lexackson_kobold_supper
D:3:      grunt_dithmenos_smoke, okawaru_gym_becter
D:6:      yredelemnul_forgotten_temple_becter, minmay_temple_entry_purple_smoke,
          serial_shops, shop_statue
D:7:      uniq_pikel
Temple:   lightli_temple_of_artemis

Action                   |  1- 3 |  4- 6 |  7- 9 || total
-------------------------+-------+-------+-------++-------
Melee: Flail             |   270 |   293 |   294 ||   857
Invok: Heroism           |       |     1 |     3 ||     4
Evoke: Wand              |       |       |     3 ||     3
  Use: Scroll            |       |     1 |     5 ||     6
 Stab: Sleeping          |       |       |     3 ||     3
